 Dungeon Crawl Stone Soup version 0.28.0 (webtiles) character file.

Game seed: 2974024583188229182

212069 SnakkuSnakku7 the Black Belt (level 18, -8/112 HPs)
             Began as a Deep Elf Transmuter on Feb 8, 2022.
             Was the Champion of Cheibriados.
             Mangled by a +3 vampiric glaive (29 damage)
             ... on level 2 of the Elven Halls.
             The game lasted 02:16:52 (50260 turns).

SnakkuSnakku7 the Black Belt (Deep Elf Transmuter) Turns: 50260, Time: 02:16:56

Health: -8/112     AC: 14    Str: 24    XL:     18   Next: 61%
Magic:  0/43       EV: 19    Int: 42    God:    Cheibriados [******]
Gold:   181        SH:  0    Dex: 30    Spells: 2/37 levels left

rFire   . . .      SeeInvis +     - Unarmed
rCold   . . .      Faith    .   (shield currently unavailable)
rNeg    . . .      Spirit   +   X - +5 robe of Night {Dark Will+ SInv}
rPois   +          Reflect  .   h - +2 helmet
rElec   .          Harm     .   a - +2 cloak
rCorr   .          Rampage  .   (gloves currently unavailable)
Will    +++..                   c - +0 pair of boots "Goruirik" {rPois Str+2 SInv}
Stlth   ++........              u - amulet of guardian spirit
HPRegen 0.28/turn               e - ring of magical power
MPRegen 0.28/turn               l - ring of willpower

@: blade hands, very slow
A: deterioration 1, mutation resistance 1
a: End Transformation, Renounce Religion, Bend Time, Temporal Distortion,
Slouch, Step From Time


You were on level 2 of the Elven Halls.
You worshipped Cheibriados.
Cheibriados was exalted by your worship.
You had blades for hands.
You visited 6 branches of the dungeon, and saw 29 of its levels.
You visited 1 bazaar.
You also visited: Sewer, Gauntlet and Ice Cave.

You collected 4301 gold pieces.
You spent 4120 gold pieces at shops.

Inventory:

Missiles
 B - a throwing net
 Q - 4 curare-tipped darts
Armour
 a - a +2 cloak (worn)
 c - the +0 pair of boots "Goruirik" (worn) {rPois Str+2 SInv}
   (You found it in a Gauntlet)

   Str:       It affects your strength (+2).
   rPois:     It protects you from poison.
   SInv:      It lets you see invisible.
 h - a +2 helmet (worn)
 t - a +2 pair of gloves (melded)
 X - the +5 robe of Night (worn) {Dark Will+ SInv}
   (You found it on level 13 of the Dungeon)

   It shrouds the wearer in darkness, reducing the range at which they can see
   and be seen by others.
   SInv:      It lets you see invisible.
   Will:      It increases your willpower.
 Y - the +2 helmet of the Comet {Str-4 Int+5}
   (You bought it in a shop on level 15 of the Dungeon)

   Str:       It affects your strength (-4).
   Int:       It affects your intelligence (+5).
 Z - a +1 crystal plate armour of cold resistance
Jewellery
 e - a ring of magical power (left blade hand)
 l - a ring of willpower (right blade hand)
 p - a +6 ring of dexterity
 u - an amulet of guardian spirit (around neck)
 v - a ring of ice
 x - a ring of wizardry
 y - a ring of protection from cold
 D - the ring "Zoqe" {*Slow rF+ rCorr Int+4}
   (You acquired it on level 9 of the Dungeon)

   [ring of protection from fire]

   Int:       It affects your intelligence (+4).
   rF:        It protects you from fire.
   rCorr:     It protects you from acid and corrosion.
   *Slow:     It may slow you when you take damage.
 N - the ring of Spite {rCorr Dex+2}
   (You took it off a naga on level 2 of the Snake Pit)

   [ring of resist corrosion]

   Dex:       It affects your dexterity (+2).
   rCorr:     It protects you from acid and corrosion.
 W - the amulet "Sungair" {rElec Regen+ Str+2 Dex+3 Slay-2}
   (You found it on level 13 of the Dungeon)

   [amulet of regeneration]

   Str:       It affects your strength (+2).
   Dex:       It affects your dexterity (+3).
   Slay:      It affects your accuracy & damage with ranged weapons and melee
   (-2).
   rElec:     It insulates you from electricity.
   Regen:     It increases your rate of health regeneration.
Wands
 g - a wand of charming (14)
 s - a wand of acid (5)
 I - a wand of polymorph (5)
 J - a wand of flame (39)
 P - a wand of iceblast (7)
 R - a wand of digging (9)
Scrolls
 f - 11 scrolls of vulnerability
 m - 2 scrolls of amnesia
 n - 10 scrolls of teleportation
 o - 2 scrolls of blinking
 q - a scroll of summoning
 w - a scroll of enchant armour
 F - a scroll of holy word
 O - a scroll of magic mapping
 V - a scroll of fog
Potions
 d - 12 potions of curing
 i - 2 potions of ambrosia
 j - 4 potions of brilliance
 k - 2 potions of resistance
 r - 7 potions of mutation
 z - 3 potions of magic
 C - a potion of might
 G - a potion of invisibility
 H - 3 potions of lignification
 L - 3 potions of cancellation
 S - 3 potions of heal wounds
 T - 3 potions of attraction
 U - 2 potions of berserk rage
Miscellaneous
 b - a lightning rod (4/4)
 A - a box of beasts (inert)
 E - a condenser vane
 M - a phantom mirror (inert)


   Skills:
 - Level 11.9 Fighting
 - Level 7.1 Dodging
 - Level 15.0 Unarmed Combat
 - Level 10.0 Spellcasting
 - Level 12.0 Hexes
 - Level 8.0 Necromancy
 - Level 12.0 Transmutations
 - Level 8.0 Ice Magic
 + Level 11.9 Air Magic
 - Level 8.0 Poison Magic
 - Level 8.0 Invocations
 - Level 8.0 Evocations


You had 2 spell levels left.
You knew the following spells:

 Your Spells              Type           Power      Damage    Failure   Level
a - Blade Hands           Tmut           44%        N/A       10%         5
b - Spider Form           Tmut/Pois      81%        N/A       6%          3
c - Ice Form              Ice/Tmut       81%        N/A       10%         4
d - Anguish               Hex/Necr       40%        N/A       10%         4
e - Beastly Appendage     Tmut           100%       N/A       3%          1
f - Ozocubu's Armour      Ice            73%        N/A       9%          3
g - Storm Form            Tmut/Air       44%        N/A       45%         7
h - Olgreb's Toxic Radia  Pois           73%        N/A       12%         4
z - Dispel Undead         Necr           73%        3d24      12%         4

Your spell library contained the following spells:

 Spells                   Type           Power      Damage    Failure   Level
 Slow                     Hex            100%       N/A       3%          1
 Wereblood                Tmut           89%        N/A       3%          2
 Sting                    Tmut/Pois      100%       1d8       4%          1
 Corpse Rot               Necr/Air       100%       N/A       5%          2
 Ensorcelled Hibernation  Hex/Ice        100%       N/A       5%          2
 Poisonous Vapours        Pois/Air       100%       N/A       5%          2
 Apportation              Tloc           42%        N/A       19%         1
 Magic Dart               Conj           84%        1d7       19%         1
 Summon Small Mammal      Summ           84%        N/A       19%         1
 Blink                    Tloc           42%        N/A       22%         2
 Searing Ray              Conj           42%        2d6       22%         2
 Confusing Touch          Hex            89%        N/A       4%          3
 Tukima's Dance           Hex            89%        N/A       4%          3
 Frozen Ramparts          Ice            100%       1d12      9%          3
 Vampiric Draining        Necr           73%        2d11      9%          3
 Ignite Poison            Fire/Tmut/Pois 67%        N/A       10%         3
 Mephitic Cloud           Conj/Pois/Air  67%        N/A       10%         3
 Portal Projectile        Hex/Tloc       100%       N/A       11%         3
 Summon Guardian Golem    Hex/Summ       63%        N/A       11%         3
 Alistair's Intoxication  Tmut/Pois      54%        N/A       13%         5
 Metabolic Englaciation   Hex/Ice        40%        N/A       13%         5
 Fulminant Prism          Conj/Hex       31%        3d16      17%         4
 Leda's Liquefaction      Hex/Erth       31%        N/A       17%         4
 Petrify                  Tmut/Erth      63%        N/A       17%         4
 Excruciating Wounds      Necr           36%        N/A       19%         5
 Summon Ice Beast         Ice/Summ       53%        N/A       26%         4
 Call Canine Familiar     Summ           21%        N/A       32%         3
 Gell's Gravitas          Tloc           21%        N/A       32%         3
 Lesser Beckoning         Tloc           21%        N/A       32%         3
 Teleport Other           Tloc           21%        N/A       32%         3
 Death Channel            Necr           36%        N/A       43%         6
 Simulacrum               Ice/Necr       36%        N/A       43%         6
 Enfeeble                 Hex            44%        N/A       45%         7
 Statue Form              Tmut/Erth      42%        N/A       63%         6
 Manifold Assault         Tloc           21%        N/A       80%         5
 Ozocubu's Refrigeration  Ice            36%        4d12      83%         7
 Summon Cactus Giant      Summ           10%        N/A       99%         6
 Haunt                    Necr/Summ      26%        N/A       99%         7


Dungeon Overview and Level Annotations

Branches:
Dungeon (15/15)            Temple (1/1) D:4            Lair (6/6) D:8
 Shoals (0/4) Lair:3        Snake (3/4) Lair:2        Slime (0/5) Lair:6
    Orc (2/2) D:11            Elf (2/3) Orc:2        Vaults (0/5) D:13
 Depths (0/4) D:15          Sewer (visited)           IceCv (visited)
Gauntlet (visited)

Altars:
Ashenzari
Cheibriados
Dithmenos
Elyvilon
Fedhas
Gozag
Hepliaklqana
Kikubaaqudgha
Makhleb
Nemelex Xobeh
Okawaru
Qazlal
Ru
Sif Muna
Trog
Uskayaw
Vehumet
Wu Jian
Xom
Yredelemnul
Zin
The Shining One
Jiyva

Shops:
D:15 [   Orc:1 (   Orc:2 *[!(*[   Snake:2 [(   Snake:3 ::=

Annotations:
D:7 exclusions: downstairs and upstairs
D:12 exclusion: two-headed ogre, Snorg
D:13 Jorgrun
Lair:4 Nergalle
Snake:3 Bai Suzhen


Innate Abilities, Weirdness & Mutations

You have blades for hands.
Your spellcasting is less reliable in this form.
You are incapable of wielding weapons or throwing items.
Your body sometimes deteriorates upon taking damage.
You are somewhat resistant to further mutation.


Message History

Aim: a deep elf pyromancer, wielding a +0 long sword and wearing an amulet of guardian spirit (heavily wounded)
The mass of ice explodes!
The iceblast engulfs the deep elf pyromancer!!
You kill the deep elf pyromancer!
Cheibriados thoroughly appreciates the change of pace.
Unknown command.
Aiming: Iceblast
Press: ? - help, Shift-Dir - straight line The mass of ice explodes!
The iceblast engulfs the deep elf archer!!
You kill the deep elf archer!
Cheibriados appreciates the change of pace.
The iceblast engulfs the +3 vampiric glaive!
The +3 vampiric glaive partially resists.
The +3 vampiric glaive is moderately damaged.
You hear a shout!
Unknown command.
Unknown command.
Aiming: Phantom Mirror
Press: ? - help, Dir - move target, f - +3 vampiric glaive
Aim: a +3 vampiric glaive (moderately damaged)
You reflect the +3 vampiric glaive with the mirror!
The mirror clouds!
The +3 vampiric glaive misses you.
Your +3 vampiric glaive barely misses the +3 vampiric glaive.
Unknown command.
Unknown command.
Your +3 vampiric glaive closely misses the +3 vampiric glaive.
The +3 vampiric glaive hits you from afar!!
* * * LOW HITPOINT WARNING * * *
Your +3 vampiric glaive hits the +3 vampiric glaive!
A deep elf pyromancer comes into view.
It is wielding a +2 long sword of holy wrath.
Unknown command.
You feel much better.
Your +3 vampiric glaive barely misses the +3 vampiric glaive.
The +3 vampiric glaive hits you from afar!!
* * * LOW HITPOINT WARNING * * *
The +3 vampiric glaive draws strength from your wounds!
Your +3 vampiric glaive hits the +3 vampiric glaive!
The +3 vampiric glaive hits you from afar!!
You die...

#..#).# #.eo##..#
.e.. #).# .## #..#
#e.# #..# #((# #..#
#@.# #..# #..# #..#
################).#
..................#
........#.#.......#
#+........##...####
#.........###.##


You could see a deep elf pyromancer, a +3 vampiric glaive (ally target) and a
friendly +3 vampiric glaive (summoned, drained).

Vanquished Creatures
  A nagaraja (Snake:2)
  Donald (Snake:3)
  Kirke (D:13)
  2 orc warlords
  Aizul (Snake:2)
  2 frost giants (IceCv)
  Louise (D:14)
  The ghost of Epsin the Fighter, a journeyman MiFi of Okawaru (D:15)
  Nessos (D:14)
  A deep elf demonologist (Elf:1)
  A white draconian (IceCv)
  A deep elf annihilator (Elf:1)
  2 dire elephants
  A minotaur (Gauntlet)
  A deep elf high priest (Elf:1)
  A great orb of eyes (D:15)
  A salamander tyrant (Snake:3)
  2 ice dragons
  4 naga warriors
  14 hydras
  A vault guard (D:13)
  2 boulder beetles
  7 centaur warriors
  An ironbound frostheart (IceCv)
  A satyr (D:13)
  3 death yaks (Lair:5)
  A catoblepas (Lair:4)
  14 anacondas
  2 two-headed ogres
  The ghost of GrayStillPlays the Blocker, a novice GnFi of Ashenzari (D:8)
  A tengu warrior (D:15)
  6 dancing weapons
  An orc high priest (Orc:1)
  5 shock serpents
  8 naga sharpshooters
  6 deep elf knights
  4 salamander mystics
  2 shadow wraiths (D:13)
  5 skeletal warriors (D:15)
  9 sea snakes
  5 naga ritualists
  Pikel (D:6)
  3 wizards
  5 deep elf archers
  7 mana vipers
  2 necromancers (D:13)
  15 deep elf pyromancers
  15 deep elf zephyrmancers
  3 orc knights
  The ghost of indyram44 the Poker, a novice DsGl of Okawaru (D:6)
  22 ugly things
  2 cyclopes
  3 orc sorcerers
  2 moths of wrath
  2 manticores
  16 elephants
  16 salamanders
  2 rust devils (D:6)
  41 black mambas
  5 guardian serpents
  15 naga magi
  An ice statue (Lair:5)
  Joseph (D:9)
  A torpor snail (Gauntlet)
  A cane toad (shapeshifter) (D:13)
  9 cane toads
  A gargoyle (D:13)
  15 rime drakes
  A yaktaur (D:13)
  9 komodo dragons
  3 kobold demonologists
  A tengu conjurer (D:15)
  An efreet (D:13)
  25 polar bears
  5 trolls
  Grinder (D:4)
  6 meliai (D:14)
  9 hornets
  A wolf spider simulacrum (D:14)
  4 dream sheep (D:13)
  12 blink frogs
  7 slime creatures
  4 wraiths
  An air elemental (Elf:2)
  2 vampires
  15 spriggans
  2 shadows
  18 yaks
  Eustachio (D:5)
  2 wyverns
  20 humans (D:13)
  A hog (D:13)
  4 basilisks
  The ghost of dornbeast the Sneak, an amateur DsBr (D:3)
  11 vampire mosquitoes
  A steam dragon (D:10)
  6 neqoxecs (D:15)
  3 wargs
  29 nagas
  19 water moccasins
  2 sky beasts
  46 orc warriors
  A necrophage (D:3)
  8 ice beasts
  4 black bears
  10 ogres
  3 boggarts (Lair:6)
  29 wolves
  23 centaurs
  2 lemures
  8 kobold brigands
  6 bullfrogs
  4 gnoll sergeants
  3 scorpions
  A wyvern skeleton (D:7)
  2 water moccasin zombies
  A water moccasin skeleton (D:5)
  3 killer bees (D:8)
  7 wights
  6 electric eels
  3 howler monkeys (D:12)
  2 quasits (D:15)
  A bullfrog zombie (D:6)
  A centaur zombie (D:8)
  Crazy Yiuf (D:4)
  2 centaur skeletons
  6 hounds
  A bullfrog skeleton (D:6)
  15 orc priests
  2 jellies
  Jessica (D:3)
  Terence (D:2)
  2 iguanas (D:4)
  Natasha (thrice) (D:3)
  21 orc wizards
  11 hell rats
  A killer bee zombie (D:3)
  A hound skeleton (D:4)
  2 howler monkey zombies (D:9)
  17 gnolls
  A howler monkey skeleton (D:6)
  3 river rats
  11 adders
  2 shadow imps
  5 white imps
  A dart slug (D:1)
  74 orcs
  3 bats (D:3)
  8 endoplasms
  7 giant cockroaches
  12 hobgoblins
  28 kobolds
  4 quokkas
  7 ball pythons
  6 frilled lizards (D:2)
  3 goblins
  9 rats
1004 creatures vanquished.

Vanquished Creatures (collateral kills)
  A fire dragon (D:15)
  A dancing weapon (Elf:2)
  Maggie (D:6)
  A centaur (D:15)
4 creatures vanquished.

Vanquished Creatures (others)
  A deep elf pyromancer (Elf:1)
  2 humans (D:13)
  48 fungi
  90 plants
141 creatures vanquished.

Grand Total: 1149 creatures vanquished

Notes
Turn   | Place    | Note
-------+----------+-------------------------------------------
     0 | D:1      | SnakkuSnakku7 the Deep Elf Transmuter began the quest for
                  | the Orb.
     0 | D:1      | Reached XP level 1. HP: 11/11 MP: 6/6
    76 | D:1      | Reached XP level 2. HP: 6/16 MP: 8/8
   827 | D:1      | Reached skill level 3 in Unarmed Combat
  1024 | D:1      | Reached XP level 3. HP: 19/20 MP: 9/9
  1098 | D:2      | Learned a level 3 spell: Spider Form
  1492 | D:2      | Reached skill level 1 in Poison Magic
  2161 | D:2      | Noticed Terence
  2172 | D:2      | Killed Terence
  2173 | D:2      | Reached XP level 4. HP: 24/24 MP: 10/10
  2384 | D:2      | Found a faded altar of an unknown god.
  2929 | D:3      | Found a glowing drain.
  2934 | Sewer    | Entered a sewer
  3070 | Sewer    | Noticed a kobold brigand
  3105 | Sewer    | Killed a kobold brigand
  3106 | Sewer    | Reached skill level 4 in Unarmed Combat
  3106 | Sewer    | Reached XP level 5. HP: 3/28 MP: 11/11
  4160 | D:3      | Noticed Natasha
  4169 | D:3      | Killed Natasha
  4223 | D:3      | Found a runed translucent door.
  4228 | D:3      | Noticed dornbeast's ghost (amateur DsBr)
  4302 | D:3      | Noticed a necrophage
  4316 | D:3      | Killed a necrophage
  4317 | D:3      | Reached skill level 5 in Unarmed Combat
  4317 | D:3      | Reached XP level 6. HP: 32/33 MP: 12/12
  4439 | D:3      | Noticed Jessica
  4443 | D:3      | Killed Jessica
  4519 | D:3      | Noticed Natasha
  4529 | D:3      | Killed Natasha
  4826 | D:4      | Reached skill level 5 in Transmutations
  4826 | D:4      | Reached XP level 7. HP: 34/37 MP: 13/13
  5245 | D:4      | Found a staircase to the Ecumenical Temple.
  5270 | Temple   | Entered the Ecumenical Temple
  5478 | Temple   | Became a worshipper of Cheibriados the Contemplative
  5566 | D:4      | Noticed Grinder
  5578 | D:4      | Killed Grinder
  5579 | D:4      | Reached skill level 6 in Unarmed Combat
  6039 | D:4      | Found a runed translucent door.
  6040 | D:4      | Noticed Crazy Yiuf
  6095 | D:4      | Killed Crazy Yiuf
  6330 | D:5      | Entered Level 5 of the Dungeon
  6373 | D:4      | Learned a level 4 spell: Ice Form
  6412 | D:5      | Reached XP level 8. HP: 42/42 MP: 14/14
  7236 | D:5      | Noticed Eustachio
  7495 | D:6      | Reached skill level 7 in Unarmed Combat
  7495 | D:6      | Reached skill level 1 in Ice Magic
  7811 | D:6      | Found a runed translucent gate.
  7811 | D:6      | Found a runed translucent gate.
  7811 | D:6      | Found an opulent altar of Gozag.
  7812 | D:6      | Found a runed translucent gate.
  7820 | D:6      | Noticed a two-headed ogre
  7820 | D:6      | Noticed indyram44's ghost (novice DsGl)
  7858 | D:6      | Noticed Maggie
  8205 | D:6      | Reached * piety under Cheibriados
  8279 | D:6      | Noticed Pikel
  8599 | D:5      | Killed Eustachio
  8716 | D:6      | Gained mutation: You are somewhat resistant to further
                  | mutation. [potion of mutation]
  8810 | D:6      | Found a white marble altar of Elyvilon.
  9030 | D:7      | Identified the +1 robe "Lavaeliy" {Str+4 Archmagi}
  9077 | D:7      | Reached skill level 8 in Unarmed Combat
  9091 | D:7      | Reached XP level 9. HP: 24/46 MP: 15/15
  9857 | D:8      | Identified the +1 scale mail of Fioph {rPois rCorr Dex-3
                  | SInv}
  9874 | D:8      | Found a transporter.
  9890 | D:8      | Noticed GrayStillPlays's ghost (novice GnFi)
  9893 | D:8      | Noticed a moth of wrath
 10148 | D:8      | Reached ** piety under Cheibriados
 10149 | D:8      | Reached skill level 9 in Unarmed Combat
 10237 | D:8      | Found a transporter.
 10696 | D:8      | Noticed a troll
 10702 | D:8      | Killed a troll
 10703 | D:8      | Reached skill level 10 in Unarmed Combat
 10935 | D:9      | Learned a level 4 spell: Olgreb's Toxic Radiance
 10974 | D:9      | Noticed Joseph
 10981 | D:9      | Killed Joseph
 10982 | D:9      | Reached skill level 5 in Poison Magic
 10982 | D:9      | Reached XP level 10. HP: 51/51 MP: 16/16
 11154 | D:9      | Reached *** piety under Cheibriados
 11884 | D:10     | Entered Level 10 of the Dungeon
 12053 | D:9      | Identified a scroll of acquirement
 12089 | D:10     | Noticed a two-headed ogre
 12101 | D:9      | Killed a two-headed ogre
 12935 | D:10     | Noticed a manticore
 13710 | D:8      | Reached skill level 5 in Fighting
 13879 | D:8      | Found a staircase to the Lair.
 14060 | D:6      | Noticed a rust devil
 14060 | D:6      | Noticed a rust devil
 14096 | D:6      | Killed Pikel
 14096 | D:6      | Reached **** piety under Cheibriados
 14097 | D:6      | Reached XP level 11. HP: 64/64 MP: 17/17
 14288 | Lair:1   | Entered Level 1 of the Lair of Beasts
 15296 | Lair:1   | Acquired the ring "Zoqe" {*Slow rF+ rCorr Int+4}
 15460 | Lair:1   | Noticed a seven-headed hydra
 15533 | Lair:1   | HP: 3/68 [poisoned by a cane toad]
 15921 | Lair:1   | Killed a seven-headed hydra
 15922 | Lair:1   | Reached skill level 5 in Dodging
 16389 | Lair:2   | Found a gate leading to a gauntlet.
 16412 | Gauntlet | Entered a Gauntlet
 16412 | Gauntlet | Found a transporter.
 16412 | Gauntlet | Found a transporter.
 16425 | Gauntlet | Found a transporter.
 16441 | Gauntlet | Found a transporter.
 16441 | Gauntlet | Found a transporter.
 16443 | Gauntlet | Found a transporter.
 16444 | Gauntlet | Found a transporter.
 16444 | Gauntlet | Found a transporter.
 16446 | Gauntlet | Noticed a wizard
 16450 | Gauntlet | Noticed a wizard
 16457 | Gauntlet | Found a transporter.
 16472 | Gauntlet | Found a transporter.
 16479 | Gauntlet | Noticed a catoblepas
 16482 | Gauntlet | Found a transporter.
 16500 | Gauntlet | Found a transporter.
 16515 | Gauntlet | Found a transporter.
 16526 | Gauntlet | Found a transporter.
 16551 | Gauntlet | Reached skill level 1 in Invocations
 16799 | Gauntlet | Reached ***** piety under Cheibriados
 17072 | Gauntlet | Killed a wizard
 17073 | Gauntlet | Reached skill level 5 in Invocations
 17076 | Gauntlet | Killed a wizard
 17077 | Gauntlet | Reached XP level 12. HP: 73/73 MP: 18/18
 17085 | Gauntlet | Identified the +0 pair of boots "Goruirik" {rPois Str+2
                  | SInv}
 17148 | Gauntlet | Noticed a minotaur
 17152 | Gauntlet | Killed a minotaur
 17533 | Lair:2   | Found a staircase to the Snake Pit.
 17556 | Lair:2   | Reached skill level 1 in Evocations
 18109 | Lair:3   | Reached skill level 5 in Evocations
 18355 | Lair:3   | Noticed a six-headed hydra
 18363 | Lair:3   | Killed a six-headed hydra
 18485 | Lair:3   | Found a staircase to the Shoals.
 19000 | Lair:4   | Noticed Nergalle
 19167 | Lair:4   | Noticed a six-headed hydra
 19179 | Lair:4   | Killed a six-headed hydra
 19382 | Lair:4   | Noticed a catoblepas
 19415 | Lair:4   | Killed a catoblepas
 19627 | Lair:4   | Noticed a six-headed hydra
 19635 | Lair:4   | Killed a six-headed hydra
 19799 | Lair:4   | Reached skill level 11 in Unarmed Combat
 19817 | Lair:4   | Reached XP level 13. HP: 78/78 MP: 21/21
 20609 | Lair:5   | Reached skill level 12 in Unarmed Combat
 21364 | Lair:6   | Entered Level 6 of the Lair of Beasts
 21383 | Lair:6   | Reached skill level 13 in Unarmed Combat
 21383 | Lair:6   | Found a staircase to the Slime Pits.
 21383 | Lair:6   | Found a viscous altar of Jiyva.
 21533 | Lair:6   | Reached ****** piety under Cheibriados
 21545 | Lair:6   | Noticed a dire elephant
 22368 | Lair:6   | Reached skill level 14 in Unarmed Combat
 22539 | Lair:6   | Got the Almanac of Transmigration and the Glacier
 22601 | Lair:6   | Reached XP level 14. HP: 61/84 MP: 18/22
 22626 | Lair:6   | Identified the +5 war axe of the Eternal Warrior {flame,
                  | Dex+4}
 23137 | Lair:5   | Identified the +0 robe "Afohem" {rElec rPois}
 23694 | D:11     | Found a staircase to the Orcish Mines.
 23933 | Orc:1    | Entered Level 1 of the Orcish Mines
 23933 | Orc:1    | Noticed an orc warlord
 24474 | D:11     | Killed an orc warlord
 25173 | Orc:1    | Reached skill level 15 in Unarmed Combat
 25258 | D:11     | Learned a level 4 spell: Anguish
 25347 | Orc:1    | Reached skill level 1 in Hexes
 25401 | Orc:1    | Found Ceakhla's Antique Weapon Shoppe.
 25587 | Orc:2    | Entered Level 2 of the Orcish Mines
 25639 | Orc:2    | Noticed an orc warlord
 25657 | Orc:1    | Killed an orc warlord
 25949 | Orc:1    | Found a burning altar of Makhleb.
 25976 | Orc:1    | Reached skill level 5 in Hexes
 26431 | Orc:2    | Found Maoric's Armour Shoppe.
 26435 | Orc:2    | Found Vodwolid's Gadget Gallery.
 26444 | Orc:2    | Bought a wand of charming (7) for 153 gold pieces
 26444 | Orc:2    | Bought a wand of iceblast (5) for 153 gold pieces
 26444 | Orc:2    | Bought a wand of digging (3) for 238 gold pieces
 26444 | Orc:2    | Found a staircase to the Elven Halls.
 27370 | Orc:2    | Found Leeph's Armour Boutique.
 27370 | Orc:2    | Found Uthruafyn's Distillery.
 27370 | Orc:2    | Found Yruimun's Weapon Shoppe.
 27374 | Orc:2    | Found Qopedghot's Assorted Antiques.
 27381 | Orc:2    | Bought a potion of mutation for 128 gold pieces
 27381 | Orc:2    | Bought a potion of lignification for 48 gold pieces
 27381 | Orc:2    | Bought a potion of heal wounds for 80 gold pieces
 27381 | Orc:2    | Bought a potion of heal wounds for 80 gold pieces
 27381 | Orc:2    | Bought a potion of attraction for 48 gold pieces
 27388 | Orc:2    | Bought a potion of berserk rage for 155 gold pieces
 27659 | Orc:2    | Acquired 985 gold pieces
 27699 | Orc:2    | Bought a box of beasts for 1240 gold pieces
 27699 | Orc:2    | Bought a square golden amulet for 155 gold pieces
 27700 | Orc:2    | Bought a fine kite shield for 294 gold pieces
 27700 | Orc:2    | Identified the +3 kite shield "Suten" {rPois rCorr} (You
                  | bought it in a shop on level 2 of the Orcish Mines)
 28142 | D:12     | Noticed Snorg
 28599 | D:13     | Reached skill level 10 in Hexes
 28698 | D:13     | Found a gate to the Vaults.
 28884 | D:13     | Identified the amulet "Sungair" {rElec Regen+ Str+2 Dex+3
                  | Slay-2}
 28893 | D:13     | Noticed Kirke
 28898 | D:13     | Killed Kirke
 28899 | D:13     | Reached skill level 1 in Necromancy
 29449 | D:13     | Noticed Jorgrun
 29528 | D:13     | Reached XP level 15. HP: 77/88 MP: 21/23
 29683 | D:13     | Reached skill level 5 in Necromancy
 30103 | D:13     | Found the +5 robe of Night {Dark Will+ SInv}
 31305 | D:14     | Noticed Louise
 31320 | D:14     | Killed Louise
 31511 | D:14     | Noticed Nessos
 31518 | D:14     | Killed Nessos
 31519 | D:14     | Reached skill level 5 in Spellcasting
 31710 | D:14     | Identified the +1 leather armour "Hyakugef" {rF- rCorr
                  | Slay+6}
 31914 | D:15     | Entered Level 15 of the Dungeon
 32089 | D:15     | Found a frozen archway.
 32264 | IceCv    | Entered an ice cave
 32926 | IceCv    | Reached skill level 10 in Spellcasting
 32986 | IceCv    | Reached XP level 16. HP: 96/96 MP: 32/32
 33794 | IceCv    | Reached skill level 10 in Transmutations
 33907 | IceCv    | Learned a level 4 spell: Dispel Undead
 33911 | IceCv    | Learned a level 3 spell: Ozocubu's Armour
 34390 | D:15     | Found a transporter.
 34397 | D:15     | Noticed Epsin's ghost (journeyman MiFi)
 34414 | D:15     | Found a staircase to the Depths.
 34792 | D:15     | Found Tauwi's Antique Armour Emporium.
 34799 | D:15     | Bought a pitted helmet for 285 gold pieces
 34799 | D:15     | Identified the +2 helmet of the Comet {Str-4 Int+5} (You
                  | bought it in a shop on level 15 of the Dungeon)
 34974 | D:15     | Reached XP level 17. HP: 100/100 MP: 33/33
 35040 | D:15     | Found a transporter.
 35228 | D:15     | Gained mutation: Your body sometimes deteriorates upon
                  | taking damage. [a neqoxec]
 35240 | D:15     | Killed Epsin's ghost
 35327 | D:15     | Identified the amulet of Harmony {-Tele Rampage rF++ Regen+
                  | MP+9}
 35530 | D:8      | Killed GrayStillPlays's ghost
 35695 | D:6      | Killed Maggie
 35820 | D:6      | Reached skill level 5 in Ice Magic
 35828 | D:6      | Killed indyram44's ghost
 36030 | D:3      | Killed dornbeast's ghost
 36051 | D:3      | Noticed Natasha
 36056 | D:3      | Killed Natasha
 36272 | Snake:1  | Entered Level 1 of the Snake Pit
 36274 | Snake:1  | You fall into a shaft and drop 1 floor!
 36274 | Snake:2  | Found a radiant altar of Vehumet.
 37834 | Snake:2  | HP: 2/121 [salamander (14)]
 38685 | Snake:2  | Reached skill level 10 in Fighting
 38772 | Snake:2  | Found Jyfaoh's Weapon Shop.
 38772 | Snake:2  | Found Peis's Antique Armour Boutique.
 38773 | Snake:2  | Noticed Aizul
 38788 | Snake:2  | Killed Aizul
 39046 | Snake:2  | Identified the ring of Spite {rCorr Dex+2}
 42373 | Snake:3  | Noticed Donald
 42445 | Snake:3  | Found a gateway to a bazaar.
 42483 | Bazaar   | Entered a bazaar
 42483 | Bazaar   | Found Quhepy's General Store.
 42483 | Bazaar   | Found Wayff's Antique Armour Shop.
 42498 | Bazaar   | Bought a scroll of teleportation for 39 gold pieces
 42503 | Bazaar   | Found Iphajo's Antique Weapon Emporium.
 42514 | Bazaar   | Found Routhroe's Distillery.
 42515 | Bazaar   | Found Lock's Book Boutique.
 42539 | Bazaar   | Bought an Inescapable Atlas for 272 gold pieces
 42551 | Bazaar   | Learned a level 7 spell: Storm Form
 42555 | Bazaar   | Bought a potion of heal wounds for 40 gold pieces
 42555 | Bazaar   | Bought 2 potions of heal wounds for 80 gold pieces
 42555 | Bazaar   | Bought a potion of might for 32 gold pieces
 42555 | Bazaar   | Bought a potion of resistance for 80 gold pieces
 42555 | Bazaar   | Bought 2 potions of cancellation for 128 gold pieces
 42563 | Bazaar   | Bought a book of Weapons for 256 gold pieces
 42571 | Bazaar   | Bought a potion of curing for 24 gold pieces
 42571 | Bazaar   | Bought a potion of curing for 24 gold pieces
 42571 | Bazaar   | Bought a potion of curing for 24 gold pieces
 42571 | Bazaar   | Bought a potion of invisibility for 64 gold pieces
 42589 | Bazaar   | Learned a level 5 spell: Blade Hands
 42691 | Snake:3  | Killed Donald
 42692 | Snake:3  | Reached skill level 1 in Air Magic
 43985 | Snake:3  | Reached skill level 5 in Air Magic
 44243 | Snake:3  | Noticed Bai Suzhen
 44892 | Snake:3  | Reached XP level 18. HP: 50/112 MP: 20/34
 46584 | Snake:3  | Got Bafe's Collected Works on Envenoming and Hexes
 46607 | Snake:3  | Identified the +5 quarterstaff of Wealth {pain, rN+ Int+2}
 47473 | Snake:3  | Found Dumul's Book Boutique.
 47473 | Snake:3  | Found Xory's Book Boutique.
 47474 | Snake:3  | Found Tefuoqex's Jewellery Shoppe.
 48161 | Elf:1    | Entered Level 1 of the Elven Halls
 48456 | Elf:1    | Found a radiant altar of Vehumet.
 48832 | Elf:1    | Reached skill level 10 in Air Magic
 48862 | Elf:1    | Got Duujacyi's Disquisition on the Escort
 50046 | Elf:2    | Paralysed by an air elemental for 1 turns
 50260 | Elf:2    | Mangled by a +3 vampiric glaive

Illustrated notes

Levels and vault maps discovered:
D:1:      dpeg_arrival_pits, layout_rooms
D:2:      minmay_skewed_foursquare, layout_basic, ebering_ecumenical_altar_hall,
          minmay_lizard_king, uniq_terence
D:3:      layout_loops_ring, gup_sewer_entry_bowl,
          ebering_ghost_reflecting_pool, nrook_uturn, uniq_jessica, uniq_natasha
D:4:      layout_basic, minmay_temple_entry_mist, uniq_crazy_yiuf_cottage,
          uniq_grinder
D:5:      layout_cave_pools, uniq_eustachio
D:6:      cheibrodos_iron_armory, layout_loops_ring, elyvilon_altar_1,
          ebering_ghost_gozag, uniq_maggie, uniq_pikel
D:7:      layout_loops_ring
D:8:      layout_rooms, erik_lair_island, enter_bailey_2,
          gammafunk_ghost_berserking_beasts
D:9:      layout_roguey, uniq_joseph
D:10:     layout_big_octagon, minmay_fractal_squares_diagonal_5
D:11:     layout_roguey, kennysheep_orc_monster_closet_entryway
D:12:     layout_loops_ring, uniq_snorg
D:13:     layout_stronghold, grunt_vaults_entry_tiered,
          hellmonk_guarded_unrand_night, uniq_jorgrun, uniq_kirke
D:14:     layout_basic, hex_intersection, nicolae_wwwww, uniq_louise,
          uniq_nessos
D:15:     hangedman_depths_entry_try_elsewhere_first, layout_basic,
          hellmonk_bongcloud_opening, gammafunk_ghost_stat_death, serial_shops,
          nicolae_square_shop, portal_ice_cave_entry_pillars_four, special_room
          [special_room_orc]
Temple:   mainiacjoe_temple_starburst
Lair:1:   layout_hall_layers, grunt_megastairs_4, serial_bayou_shore_a
Lair:2:   layout_gridlike, minmay_snake_entry_six_corridors,
          gauntlet_entry_generic, chequers_serial_rivers_micro_d
Lair:3:   layout_loops_ring, shoals_dummy_entry, grunt_megastairs_2
Lair:4:   layout_concentric_octagons, st_stairs_5, grunt_forest_stairs_clearing,
          grunt_megastairs_5, uniq_nergalle
Lair:5:   layout_regular_city, chequers_serial_rivers_micro_e, ice2_lemuel,
          grunt_megastairs_3
Lair:6:   minmay_lair_end_enchanted_forest, layout_loops_ring, slime_altar_1,
          chequers_serial_rivers_room_a, nicolae_quartered_pool_impasse,
          infiniplex_staircase_pool_2
Snake:1:  layout_cave_shapes
Snake:2:  layout_cave_shapes, basic_altar, st_stairs_13, nicolae_snake_springs,
          minmay_shoptagon, uniq_aizul
Snake:3:  kennysheep_snake, layout_chambers, serial_shops, bzr_entry_islet,
          serial_bayou_pond_c, nicolae_coiled_stairwell_up, minmay_shop_grove,
          serial_bayou_shore_b, uniq_bai_suzhen, uniq_donald
Orc:1:    layout_caves, serial_shops, nicolae_shop_waterfront, bloody_makhleb
Orc:2:    st_orc_rangers, layout_diamond_mine, serial_shops, nicolae_shop_stone,
          nicolae_shop_gadgets
Elf:1:    eino_elf_arrival_altar, layout_loops_corners, minmay_elf_demonology,
          drop_trap
Elf:2:    nicolae_elf_blades_splatter_lattice [infiniplex_blade_entry_pillars],
          layout_geoelf_octagon, basic_altar, minmay_crystal_room,
          minmay_the_grid_square_5x5_3x3_mashed
          [minmay_the_grid_square_5x5_misaligned, minmay_the_grid_square_5x5_z,
          minmay_the_grid_square_5x5_eight_small, minmay_the_grid_square_5x5_v,
          minmay_the_grid_square_5x5_megaprize_hollow,
          minmay_the_grid_square_5x5_tie, minmay_the_grid_square_5x5_mess,
          minmay_the_grid_square_5x5_two_walls_a,
          minmay_the_grid_square_5x5_tri_point]

Skill      XL: |  1  2  3  4  5  6  7  8  9 10 11 12 13 14 15 16 17 18 |
---------------+-------------------------------------------------------+-----
Transmutations | 3 4 5 6 7 8 11 12 | 12.0
Unarmed Combat | 3 4 5 6 8 10 11 14 15 | 15.0
Poison Magic   | 1 2 5 8 |  8.0
Ice Magic      | 3 8 |  8.0
Fighting       | 5 8 9 11 | 11.9
Dodging        | 7 |  7.1
Invocations    | 5 8 |  8.0
Evocations     | 8 |  8.0
Hexes          | 12 | 12.0
Necromancy     | 4 8 |  8.0
Spellcasting   | 10 | 10.0
Air Magic      | 6 11 | 11.9

Action                   |  1- 3 |  4- 6 |  7- 9 | 10-12 | 13-15 | 16-18 || total
-------------------------+-------+-------+-------+-------+-------+-------++-------
Melee: Unarmed           |   132 |   146 |   379 |   413 |  1053 |   903 ||  3026
       Kick              |    19 |     7 |    31 |       |     2 |       ||    59
       Headbutt          |    13 |     6 |    15 |       |     1 |       ||    35
       Punch             |     4 |     3 |    12 |     4 |    10 |    38 ||    71
       Staff             |       |       |       |       |       |     3 ||     3
Throw: Dart              |       |       |     1 |       |       |       ||     1
 Cast: Beastly Appendage |    18 |    11 |    15 |     1 |     1 |       ||    46
       Spider Form       |     1 |     7 |    16 |       |     1 |     1 ||    26
       Ice Form          |       |       |    11 |    46 |    85 |    70 ||   212
       Olgreb's Toxic Ra |       |       |       |    14 |       |       ||    14
       Dispel Undead     |       |       |       |       |       |     5 ||     5
       Anguish           |       |       |       |       |       |     3 ||     3
       Blade Hands       |       |       |       |       |       |    25 ||    25
       Storm Form        |       |       |       |       |       |     3 ||     3
Invok: Temporal Distorti |       |       |       |     2 |     6 |     1 ||     9
       Slouch            |       |       |       |     2 |     6 |    11 ||    19
       Bend Time         |       |       |       |       |     1 |       ||     1
 Abil: End Transformatio |       |       |       |       |     7 |     9 ||    16
Evoke: Lightning rod     |       |       |       |     6 |    11 |    11 ||    28
       Wand              |       |       |       |     3 |     3 |    17 ||    23
       Condenser vane    |       |       |       |     1 |     2 |     2 ||     5
       Phantom mirror    |       |       |       |       |     1 |     3 ||     4
       Box of beasts     |       |       |       |       |     1 |     3 ||     4
  Use: Potion            |       |     2 |     4 |     5 |     3 |     8 ||    22
       Scroll            |       |     2 |     5 |    25 |    14 |     7 ||    53
 Stab: Sleeping          |       |     2 |       |       |     5 |     5 ||    12
       Paralysed         |       |       |       |     3 |     8 |     5 ||    16
       Distracted        |       |       |       |     1 |     2 |     1 ||     4
Armor: Robe              |    18 |    25 |    37 |    16 |    32 |    97 ||   225
       Skin              |     1 |     2 |    48 |   138 |   272 |   213 ||   674
       Crystal plate arm |       |       |       |       |       |     1 ||     1
Dodge: Dodged            |    78 |    92 |   240 |   307 |  1007 |   849 ||  2573
